[Event "12th National Amateur Chess-ch 2025"]
[Site "Bihar"]
[Date "2025.03.29"]
[Round "9.1"]
[White "Anadkat Kartavya"]
[Black "Utkrisht Tuli"]
[Result "1/2-1/2"]
[Annotator "NA RC"]
[ECO "C54"]
[WhiteElo "2175"]
[BlackElo "2020"]
[PlyCount "61"]
[EventDate "2025.03.25"]
[EventCountry "IND"]
[SourceTitle "playchess.com"]
[Source "ChessBase"]
[SourceQuality "1"]
[TimeControl "5400+30"]

1. e4 e5 2. Nf3 Nc6 3. Bc4 Bc5 4. c3 Nf6 5. d4 exd4 6. e5 d5 7. Bb5 Ne4 8. cxd4 Bb4+ 9. Bd2 Be7 10. Be3 O-O 11. Nc3 f5 12. exf6 Bxf6 13. Qb3 Nxc3 14. Bxc6 bxc6 15. Qxc3 Qd6 16. Rc1 Ba6 17. Qxc6 Qb4+ 18. Kd1 Qa5 19. Rc5 Qxa2 20. Qxd5+ Qxd5 21. Rxd5 Bb7 22. Rc5 Bxf3+ 23. gxf3 Bxd4 24. Bxd4 Rad8 25. Rxc7 Rxd4+ 26. Kc1 Rxf3 27. Kb1 h6 28. Kc1 Kh7 29. Kb1 Kh8 30. Kc1 Kh7 31. Kb1 1/2-1/2

[Event "12th National Amateur Chess-ch 2025"]
[Site "Bihar"]
[Date "2025.03.29"]
[Round "9.2"]
[White "Manav Kumar"]
[Black "Ayaan Garg"]
[Result "1/2-1/2"]
[Annotator "NA RC"]
[ECO "B19"]
[WhiteElo "1777"]
[BlackElo "1983"]
[PlyCount "71"]
[EventDate "2025.03.25"]
[EventCountry "IND"]
[SourceTitle "playchess.com"]
[Source "ChessBase"]
[SourceQuality "1"]
[TimeControl "5400+30"]

1. e4 c6 2. d4 d5 3. Nd2 dxe4 4. Nxe4 Bf5 5. Ng3 Bg6 6. Nf3 Nd7 7. h4 h6 8. Bd3 Bxd3 9. Qxd3 Ngf6 10. Bf4 e6 11. O-O-O Nd5 12. Bd2 Nb4 13. Bxb4 Bxb4 14. Ne4 Qc7 15. Ne5 O-O-O 16. Qg3 f5 17. Nxd7 Rxd7 18. Qxc7+ Kxc7 19. Nc5 Bxc5 20. dxc5 Rxd1+ 21. Rxd1 Re8 22. f4 e5 23. fxe5 Rxe5 24. Rd6 Rxc5 25. Rg6 Rc4 26. Rxg7+ Kb6 27. g3 Re4 28. Kd2 Re6 29. h5 Re5 30. Rf7 f4 31. g4 Re4 32. Kd3 Re3+ 33. Kd4 Re2 34. Rxf4 Rxc2 35. b4 Rxa2 36. Ke4 1/2-1/2

[Event "12th National Amateur Chess-ch 2025"]
[Site "Bihar"]
[Date "2025.03.29"]
[Round "9.3"]
[White "Arhan Jain"]
[Black "Sham R"]
[Result "0-1"]
[Annotator "NA RC"]
[ECO "E11"]
[WhiteElo "1914"]
[BlackElo "2128"]
[PlyCount "118"]
[EventDate "2025.03.25"]
[EventCountry "IND"]
[SourceTitle "playchess.com"]
[Source "ChessBase"]
[SourceQuality "1"]
[TimeControl "5400+30"]

1. d4 Nf6 2. c4 e6 3. g3 Bb4+ 4. Bd2 Qe7 5. Bg2 Nc6 6. Nf3 Bxd2+ 7. Nbxd2 d6 8. e4 e5 9. d5 Nb8 10. O-O a5 11. b3 Na6 12. a3 O-O 13. Qc2 Bd7 14. Ne1 c6 15. dxc6 Bxc6 16. Nd3 Nc5 17. Rfe1 Ne6 18. Qb2 b5 19. Nc1 Rab8 20. b4 Rfc8 21. cxb5 Bxb5 22. Na2 Bd3 23. Rac1 Rxc1 24. Nxc1 Ba6 25. Bf1 Bxf1 26. Kxf1 Qb7 27. f3 Nd4 28. Ne2 Qb5 29. Kf2 Nxe2 30. Rxe2 axb4 31. axb4 Qxb4 32. Qxb4 Rxb4 33. Nf1 Kf8 34. Rd2 Ke7 35. Ne3 g6 36. g4 h6 37. Nd5+ Nxd5 38. Rxd5 f5 39. gxf5 gxf5 40. exf5 Rf4 41. Kg3 Rxf5 42. Ra5 Ke6 43. Rb5 e4 44. Rb3 Rxf3+ 45. Rxf3 exf3 46. Kxf3 Kf5 47. h3 h5 48. Kg3 Ke4 49. Kh4 d5 50. Kxh5 d4 51. Kg6 d3 52. h4 d2 53. h5 d1=Q 54. h6 Qg4+ 55. Kf7 Qf5+ 56. Kg7 Qg5+ 57. Kh7 Kf5 58. Kh8 Kf6 59. h7 Qg7# 0-1

[Event "12th National Amateur Chess-ch 2025"]
[Site "Bihar"]
[Date "2025.03.29"]
[Round "9.4"]
[White "Vidit Sethi"]
[Black "Daksh Goyal"]
[Result "0-1"]
[Annotator "NA RC"]
[ECO "E11"]
[WhiteElo "1832"]
[BlackElo "2079"]
[PlyCount "114"]
[EventDate "2025.03.25"]
[EventCountry "IND"]
[SourceTitle "playchess.com"]
[Source "ChessBase"]
[SourceQuality "1"]
[TimeControl "5400+30"]

1. d4 Nf6 2. c4 e6 3. Nf3 Bb4+ 4. Nbd2 Be7 5. g3 d5 6. Bg2 O-O 7. O-O b6 8. cxd5 exd5 9. Nb1 c6 10. Nc3 Nbd7 11. Qd3 a5 12. Bf4 Ba6 13. Qc2 Re8 14. Rfe1 Rc8 15. Rad1 b5 16. Ne5 Nxe5 17. Bxe5 Bd6 18. Bxd6 Qxd6 19. e4 dxe4 20. Nxe4 Nxe4 21. Bxe4 g6 22. Qd3 Kg7 23. Rc1 c5 24. dxc5 Qxd3 25. Bxd3 Rxc5 26. Kf1 Rxe1+ 27. Rxe1 Bc8 28. Ke2 b4 29. Kd2 Rd5 30. a3 bxa3 31. bxa3 g5 32. Kc3 Be6 33. Re2 g4 34. Bc4 Rc5 35. Re4 h5 36. Kb3 Kf6 37. Bxe6 fxe6 38. Rf4+ Kg5 39. Rf8 Rd5 40. Rg8+ Kf5 41. Kc2 Ke4 42. Rg6 Kf3 43. Rf6+ Rf5 44. Rxe6 Kg2 45. Kd1 Kxh2 46. Ke1 Kg2 47. Re2 Rf3 48. Re5 Rxa3 49. Rxh5 Ra1+ 50. Ke2 Ra2+ 51. Ke1 a4 52. Ra5 a3 53. Ra4 Ra1+ 54. Kd2 a2 55. Rxg4 Rf1 56. Ra4 a1=Q 57. Rxa1 Rxa1 0-1

[Event "12th National Amateur Chess-ch 2025"]
[Site "Bihar"]
[Date "2025.03.29"]
[Round "9.5"]
[White "Piyush Kumar"]
[Black "Archisman Patra"]
[Result "1/2-1/2"]
[Annotator "NA RC"]
[ECO "C15"]
[WhiteElo "1836"]
[BlackElo "1791"]
[PlyCount "51"]
[EventDate "2025.03.25"]
[EventCountry "IND"]
[SourceTitle "playchess.com"]
[Source "ChessBase"]
[SourceQuality "1"]
[TimeControl "5400+30"]

1. e4 e6 2. d4 d5 3. Nc3 Bb4 4. Nge2 dxe4 5. a3 Bxc3+ 6. Nxc3 Nc6 7. Bb5 Nge7 8. Be3 O-O 9. Bc4 f5 10. g3 Kh8 11. Ne2 e5 12. d5 Na5 13. Ba2 b6 14. Qd2 Nb7 15. h4 Nd6 16. Qc3 Ba6 17. Qxe5 Ng6 18. Qd4 Bxe2 19. Kxe2 Qe8 20. Rad1 Qd8 21. Kd2 Qe8 22. Ke2 Qd8 23. Kd2 Qe8 24. Ke2 Qd8 25. Kd2 Qe8 26. Ke1 1/2-1/2

[Event "12th National Amateur Chess-ch 2025"]
[Site "Bihar"]
[Date "2025.03.29"]
[Round "9.6"]
[White "Srikanth, K.."]
[Black "Gurung Rohit"]
[Result "0-1"]
[Annotator "NA RC"]
[ECO "B07"]
[WhiteElo "1831"]
[BlackElo "1902"]
[PlyCount "114"]
[EventDate "2025.03.25"]
[EventCountry "IND"]
[SourceTitle "playchess.com"]
[Source "ChessBase"]
[SourceQuality "1"]
[TimeControl "5400+30"]

1. e4 d6 2. Nc3 g6 3. f4 Bg7 4. Nf3 c6 5. Be2 d5 6. e5 Bg4 7. O-O Bxf3 8. Bxf3 e6 9. d4 h5 10. Na4 Nd7 11. b3 Ne7 12. Ba3 Nf5 13. Qd3 b5 14. Nc5 Nxc5 15. Bxc5 Bf8 16. Bxf8 Kxf8 17. a4 Qb6 18. Rfd1 a5 19. Kh1 Kg7 20. c3 bxa4 21. bxa4 Rab8 22. Rdb1 Qa7 23. g4 hxg4 24. Bxg4 Nh6 25. Bh3 Rxb1+ 26. Rxb1 Rb8 27. Rg1 Qe7 28. Rb1 Rxb1+ 29. Qxb1 Qa3 30. Qc2 Qa1+ 31. Kg2 Qe1 32. Kf3 Qh1+ 33. Kg3 Qg1+ 34. Kf3 Qe1 35. c4 Qh4 36. Kg2 Qxf4 37. cxd5 cxd5 38. Qc7 Qe4+ 39. Kg3 Qe3+ 40. Kg2 Qe2+ 41. Kg3 Qd3+ 42. Kg2 Qxd4 43. Bxe6 Qd2+ 44. Kg3 d4 45. Bc4 Nf5+ 46. Kf3 Qe3+ 47. Kg2 Nh4+ 48. Kf1 Qf3+ 49. Ke1 Ng2+ 50. Kd2 Qc3+ 51. Ke2 Qc2+ 52. Kf3 Ne1+ 53. Kg3 Qg2+ 54. Kf4 Qf3+ 55. Kg5 Qf5+ 56. Kh4 Qf4+ 57. Kh3 Qf3+ 0-1

[Event "12th National Amateur Chess-ch 2025"]
[Site "Bihar"]
[Date "2025.03.29"]
[Round "9.7"]
[White "Aman Balana"]
[Black "Pradeep Tiwari"]
[Result "1/2-1/2"]
[Annotator "NA RC"]
[ECO "C55"]
[WhiteElo "1827"]
[BlackElo "1979"]
[PlyCount "194"]
[EventDate "2025.03.25"]
[EventCountry "IND"]
[SourceTitle "playchess.com"]
[Source "ChessBase"]
[SourceQuality "1"]
[TimeControl "5400+30"]

1. e4 e5 2. Nf3 Nc6 3. Bc4 Be7 4. O-O Nf6 5. d3 d6 6. c3 O-O 7. Re1 a6 8. a4 h6 9. Nbd2 Be6 10. h3 Qd7 11. Bxe6 fxe6 12. Nf1 Kh7 13. Ng3 Ng8 14. d4 Bf6 15. Be3 Qf7 16. Qb3 b6 17. Qc4 Na5 18. Qd3 c5 19. dxe5 dxe5 20. Rad1 Rfd8 21. Qe2 Rxd1 22. Rxd1 Qc7 23. Nh5 c4 24. Qd2 b5 25. axb5 axb5 26. Qd6 Qxd6 27. Rxd6 Kg6 28. g4 Kf7 29. Rb6 Ne7 30. h4 Nc8 31. Rxb5 Nd6 32. Rb6 Nxe4 33. Nxf6 Kxf6 34. g5+ hxg5 35. hxg5+ Kf5 36. Kg2 Kg6 37. Rxe6+ Kf7 38. Rxe5 Nd6 39. Rd5 Ke6 40. Re5+ Kd7 41. Bf4 Nab7 42. g6 Rf8 43. Bg5 Nf5 44. Nd4 Nbd6 45. Nxf5 Nxf5 46. Rc5 Nd6 47. Ra5 Ke6 48. Ra7 Rg8 49. Ra6 Kd5 50. Ra5+ Ke6 51. Ra6 Kd5 52. Be3 Nf5 53. Ra5+ Ke6 54. Bf4 Nh4+ 55. Kg3 Nxg6 56. Ra6+ Kf5 57. f3 Nxf4 58. Ra5+ Kf6 59. Kxf4 Rb8 60. Ra6+ Kf7 61. Ra2 Re8 62. Ra7+ Kg6 63. Ra6+ Kh5 64. Ra5+ Kh6 65. Re5 Rb8 66. Re2 Rd8 67. Rg2 Rd3 68. Ke4 Rd8 69. f4 Rd1 70. Kf5 Kh7 71. Kg5 Rd6 72. Kf5 Kg8 73. Ke5 Rd1 74. Ke4 Rd3 75. Rh2 Kf7 76. Rg2 Kf6 77. Rh2 g6 78. Rh8 Rd2 79. Rb8 Ke6 80. Rb6+ Kf7 81. Ke3 Rd3+ 82. Ke4 Rd2 83. Ke5 Re2+ 84. Kd4 Rf2 85. Ke3 Rh2 86. Kf3 Rd2 87. Ke3 Rd3+ 88. Ke4 Rd2 89. Ke5 Re2+ 90. Kd4 Rf2 91. Kxc4 Rxf4+ 92. Kb5 g5 93. Rd6 Rf5+ 94. Kb4 g4 95. Rd2 g3 96. Rg2 Rg5 97. c4 Ke6 1/2-1/2

[Event "12th National Amateur Chess-ch 2025"]
[Site "Bihar"]
[Date "2025.03.29"]
[Round "9.8"]
[White "Vikash Nishad"]
[Black "Ayushman Mohanty"]
[Result "1/2-1/2"]
[Annotator "NA RC"]
[ECO "C58"]
[WhiteElo "1752"]
[BlackElo "1827"]
[PlyCount "76"]
[EventDate "2025.03.25"]
[EventCountry "IND"]
[SourceTitle "playchess.com"]
[Source "ChessBase"]
[SourceQuality "1"]
[TimeControl "5400+30"]

1. e4 e5 2. Nf3 Nc6 3. Bc4 Nf6 4. Ng5 d5 5. exd5 Na5 6. Bb5+ c6 7. dxc6 bxc6 8. Bd3 Nd5 9. Nf3 Bd6 10. O-O Nf4 11. Re1 Nxd3 12. cxd3 O-O 13. Nxe5 Re8 14. d4 Qc7 15. h3 c5 16. d3 cxd4 17. Nf3 Rxe1+ 18. Qxe1 Nc6 19. Bf4 Bf5 20. Bxd6 Qxd6 21. Qd2 Nb4 22. Na3 Bxd3 23. b3 Rd8 24. Rd1 a5 25. Qg5 Qb6 26. Qf4 f6 27. h4 Qc5 28. Rc1 Qd6 29. Qxd6 Rxd6 30. Rd1 Rd5 31. Rd2 a4 32. bxa4 Ra5 33. Nb5 Rxa4 34. Nbxd4 Rxa2 35. Rxa2 Nxa2 36. g4 Nc3 37. Kg2 Be4 38. Kg3 Bxf3 1/2-1/2

[Event "12th National Amateur Chess-ch 2025"]
[Site "Bihar"]
[Date "2025.03.29"]
[Round "9.9"]
[White "Gadge Vedant"]
[Black "Prashant Kumar Singh"]
[Result "1-0"]
[Annotator "NA RC"]
[ECO "A08"]
[WhiteElo "1667"]
[BlackElo "1651"]
[PlyCount "93"]
[EventDate "2025.03.25"]
[EventCountry "IND"]
[SourceTitle "playchess.com"]
[Source "ChessBase"]
[SourceQuality "1"]
[TimeControl "5400+30"]

1. Nf3 d5 2. d3 c5 3. Nbd2 Nf6 4. g3 Nc6 5. Bg2 g6 6. O-O Bg7 7. Re1 O-O 8. e4 e5 9. exd5 Nxd5 10. Nc4 f6 11. a4 Bg4 12. c3 Qd7 13. Nfxe5 Nxe5 14. Nxe5 fxe5 15. Bxd5+ Qxd5 16. Qxg4 Qxd3 17. Be3 b6 18. Rad1 Qf5 19. Qc4+ Rf7 20. Rd2 h5 21. h4 Kh7 22. a5 Raf8 23. axb6 axb6 24. Qb5 Rf6 25. Qd7 Qf3 26. Rd6 R8f7 27. Rxf6 Qxf6 28. Qd2 Qc6 29. Rd1 Qb5 30. Qd5 Qe8 31. Ra1 Bh6 32. Bxh6 Kxh6 33. Ra8 Qd7 34. Rh8+ Kg7 35. Qxe5+ Rf6 36. Rf8 Qd1+ 37. Kh2 Qf3 38. Qxf6+ Qxf6 39. Rxf6 Kxf6 40. f3 c4 41. Kg2 Ke5 42. Kf2 Kf5 43. Ke3 Ke5 44. g4 b5 45. f4+ Kd5 46. f5 gxf5 47. gxh5 1-0

[Event "12th National Amateur Chess-ch 2025"]
[Site "Bihar"]
[Date "2025.03.29"]
[Round "9.10"]
[White "Pathak Anshu Kr"]
[Black "Aole Sangharsh"]
[Result "1-0"]
[Annotator "NA RC"]
[ECO "B24"]
[WhiteElo "1585"]
[BlackElo "1664"]
[PlyCount "77"]
[EventDate "2025.03.25"]
[EventCountry "IND"]
[SourceTitle "playchess.com"]
[Source "ChessBase"]
[SourceQuality "1"]
[TimeControl "5400+30"]

1. e4 c5 2. Nc3 e6 3. f4 d6 4. Nf3 Be7 5. d3 a6 6. g3 Nf6 7. Bg2 O-O 8. O-O Nc6 9. a3 Qc7 10. h3 Rb8 11. g4 b5 12. Ne2 d5 13. e5 Ne8 14. g5 Kh8 15. Ng3 f6 16. Re1 fxe5 17. Nxe5 Bd6 18. Nxc6 Qxc6 19. c4 Nc7 20. Nh5 Qd7 21. cxd5 Nxd5 22. f5 Rxf5 23. Be4 Rf8 24. g6 Nf6 25. Nxf6 Rxf6 26. Qh5 h6 27. Bg5 Rf8 28. Rf1 Bb7 29. Rf7 Rxf7 30. gxf7 Bxe4 31. dxe4 Kh7 32. Rf1 Rf8 33. Rf6 Rxf7 34. Rxf7 Bh2+ 35. Kxh2 Qd6+ 36. Kg2 Qd4 37. Qxh6+ Kg8 38. Qxe6 Kh7 39. Qf5+ 1-0

[Event "12th National Amateur Chess-ch 2025"]
[Site "Bihar"]
[Date "2025.03.29"]
[Round "9.11"]
[White "Bala Ganesan"]
[Black "Devansh Keshri"]
[Result "1-0"]
[Annotator "NA RC"]
[ECO "C54"]
[WhiteElo "1656"]
[BlackElo "1633"]
[PlyCount "84"]
[EventDate "2025.03.25"]
[EventCountry "IND"]
[SourceTitle "playchess.com"]
[Source "ChessBase"]
[SourceQuality "1"]
[TimeControl "5400+30"]

1. e4 e5 2. Nf3 Nc6 3. Bc4 Bc5 4. c3 Nf6 5. d4 exd4 6. e5 d5 7. Bb5 Ne4 8. cxd4 Bb6 9. h3 O-O 10. O-O f6 11. Be3 fxe5 12. Bxc6 bxc6 13. Nxe5 Qf6 14. f4 Qh4 15. Nd2 Nd6 16. Ndf3 Qf6 17. Rc1 Bb7 18. Nd7 Qe7 19. Nfe5 Rfd8 20. Nc5 Bxc5 21. Rxc5 Nf7 22. Qh5 Nxe5 23. fxe5 Rf8 24. a3 Rxf1+ 25. Kxf1 Rf8+ 26. Kg1 Qe6 27. Qh4 Qf7 28. Rc1 Qg6 29. Bd2 Qd3 30. Bb4 Qe3+ 31. Kh2 g5 32. Rc3 Qf4+ 33. Qg3 Qxg3+ 34. Rxg3 Re8 35. Rxg5+ Kf7 36. Rf5+ Kg7 37. Rf6 Rd8 38. g4 Rd7 39. e6 Rd6 40. Rf7+ Kg6 41. Bxd6 Bc8 42. Rxc7 Kf6 1-0

[Event "12th National Amateur Chess-ch 2025"]
[Site "Bihar"]
[Date "2025.03.29"]
[Round "9.12"]
[White "Vamsi Krishna, R."]
[Black "Jayesh Mishra"]
[Result "1/2-1/2"]
[Annotator "NA RC"]
[ECO "D94"]
[WhiteElo "1620"]
[BlackElo "1654"]
[PlyCount "102"]
[EventDate "2025.03.25"]
[EventCountry "IND"]
[SourceTitle "playchess.com"]
[Source "ChessBase"]
[SourceQuality "1"]
[TimeControl "5400+30"]

1. Nf3 d5 2. d4 Nf6 3. e3 g6 4. c4 c6 5. Nc3 Bg7 6. Be2 O-O 7. O-O Bf5 8. cxd5 cxd5 9. Qb3 b6 10. Ne5 Be6 11. Bf3 Ne4 12. Nd3 Nc6 13. Nf4 Na5 14. Qb5 Nxc3 15. bxc3 a6 16. Qb4 Rc8 17. Ba3 Bf6 18. e4 dxe4 19. Nxe6 fxe6 20. Bxe4 Nc4 21. Bc1 a5 22. Qb3 Kg7 23. Rb1 e5 24. Bd3 Nd6 25. Be3 e4 26. Be2 b5 27. Bxb5 Nxb5 28. Qxb5 Rxc3 29. d5 Qa8 30. Rfd1 Rd8 31. g3 Rd3 32. Rxd3 exd3 33. Qc6 Qxc6 34. dxc6 Rc8 35. Rc1 Kf7 36. Kf1 Ke6 37. a4 Kd6 38. Bd2 Rxc6 39. Rxc6+ Kxc6 40. Bxa5 Kc5 41. Ke1 Kc4 42. Kd2 Bd4 43. f4 Bg1 44. Bc7 Bxh2 45. a5 Kb5 46. g4 g5 47. Bd8 Bxf4+ 48. Kxd3 e6 49. Ke4 Ka6 50. Bxg5 Bxg5 51. Ke5 Bf4+ 1/2-1/2

[Event "12th National Amateur Chess-ch 2025"]
[Site "Bihar"]
[Date "2025.03.29"]
[Round "9.13"]
[White "Nivedita V C"]
[Black "Bristy Mukherjee"]
[Result "1/2-1/2"]
[Annotator "NA RC"]
[ECO "D11"]
[WhiteElo "1950"]
[BlackElo "1985"]
[PlyCount "57"]
[EventDate "2025.03.25"]
[EventCountry "IND"]
[SourceTitle "playchess.com"]
[Source "ChessBase"]
[SourceQuality "1"]
[TimeControl "5400+30"]

1. d4 d5 2. c4 c6 3. Nf3 Nf6 4. g3 h6 5. Bg2 Bf5 6. O-O e6 7. Nc3 Be7 8. Nd2 O-O 9. e4 dxe4 10. Ndxe4 Nxe4 11. Nxe4 Nd7 12. Be3 Nf6 13. Nxf6+ Bxf6 14. Qb3 Qb6 15. d5 c5 16. dxe6 fxe6 17. Rad1 Rad8 18. Bxb7 Bxb2 19. Bg2 Qxb3 20. axb3 Bc2 21. Rxd8 Rxd8 22. Bxc5 Bxb3 23. Bxa7 Bxc4 24. Rb1 Bf6 25. Re1 Bb2 26. Rb1 Bf6 27. Re1 Bb2 28. Rb1 Bf6 29. Re1 1/2-1/2

[Event "12th National Amateur Chess-ch 2025"]
[Site "Bihar"]
[Date "2025.03.29"]
[Round "9.14"]
[White "Marium Fatima"]
[Black "Diya Chowdhury"]
[Result "1/2-1/2"]
[Annotator "NA RC"]
[ECO "E05"]
[WhiteElo "1881"]
[BlackElo "1939"]
[PlyCount "61"]
[EventDate "2025.03.25"]
[EventCountry "IND"]
[SourceTitle "playchess.com"]
[Source "ChessBase"]
[SourceQuality "1"]
[TimeControl "5400+30"]

1. d4 Nf6 2. c4 e6 3. g3 d5 4. Bg2 Be7 5. Nf3 O-O 6. O-O dxc4 7. Qc2 a6 8. a4 Bd7 9. Qxc4 Bc6 10. Bg5 Nbd7 11. Nc3 Nb6 12. Qd3 a5 13. Rfd1 h6 14. Bxf6 Bxf6 15. e3 Qe7 16. Nd2 Bxg2 17. Kxg2 Nd5 18. e4 Nb4 19. Qc4 Qd7 20. Nf3 Rfd8 21. Rd2 Ra6 22. Rad1 Qc6 23. Qxc6 Rxc6 24. e5 Be7 25. d5 Nxd5 26. Nxd5 Rxd5 27. Rxd5 exd5 28. Rxd5 Rc5 29. Rxc5 Bxc5 30. Nd2 Kf8 31. f4 1/2-1/2

[Event "12th National Amateur Chess-ch 2025"]
[Site "Bihar"]
[Date "2025.03.29"]
[Round "9.15"]
[White "Theephigaa K P"]
[Black "Aamuktha Guntaka"]
[Result "1/2-1/2"]
[Annotator "NA RC"]
[ECO "B99"]
[WhiteElo "1792"]
[BlackElo "1910"]
[PlyCount "77"]
[EventDate "2025.03.25"]
[EventCountry "IND"]
[SourceTitle "playchess.com"]
[Source "ChessBase"]
[SourceQuality "1"]
[TimeControl "5400+30"]

1. e4 c5 2. Nf3 d6 3. d4 cxd4 4. Nxd4 Nf6 5. Nc3 a6 6. Bg5 e6 7. f4 Be7 8. Qf3 Qc7 9. O-O-O Nbd7 10. g4 b5 11. Bxf6 Nxf6 12. g5 Nd7 13. Kb1 O-O 14. f5 b4 15. Nce2 e5 16. f6 exd4 17. fxe7 Re8 18. Nxd4 Ne5 19. Qg3 Be6 20. Bh3 Bxh3 21. Qxh3 Rxe7 22. Nf5 Re6 23. Nd4 Ree8 24. Nf5 Rad8 25. Ne3 Ng6 26. Rd4 Qc5 27. Nf5 Ne7 28. Nxe7+ Rxe7 29. Qd3 Qxg5 30. Rxb4 a5 31. Rd4 Rde8 32. Rd1 h6 33. h3 Re6 34. a3 Qe7 35. Rxd6 Rxe4 36. Rd7 Qe6 37. Rd6 Qe7 38. Rd7 Qe6 39. Rd6 1/2-1/2

[Event "12th National Amateur Chess-ch 2025"]
[Site "Bihar"]
[Date "2025.03.29"]
[Round "9.16"]
[White "Suravi Bhattacharya"]
[Black "Arushi Severin Helen D Silva"]
[Result "1/2-1/2"]
[Annotator "NA RC"]
[ECO "E09"]
[WhiteElo "1718"]
[BlackElo "1746"]
[PlyCount "60"]
[EventDate "2025.03.25"]
[EventCountry "IND"]
[SourceTitle "playchess.com"]
[Source "ChessBase"]
[SourceQuality "1"]
[TimeControl "5400+30"]

1. d4 Nf6 2. c4 e6 3. g3 d5 4. Bg2 h6 5. Nf3 Be7 6. O-O O-O 7. Qc2 Nbd7 8. Nbd2 c6 9. Rd1 Re8 10. e4 dxe4 11. Nxe4 Nxe4 12. Qxe4 Bf6 13. Qc2 Nb6 14. Bf4 Bd7 15. Be5 Be7 16. Nd2 Nc8 17. c5 Bg5 18. Nc4 Be7 19. a4 Bf6 20. Rab1 Bxe5 21. dxe5 Qc7 22. Nd6 Rf8 23. Nxc8 Bxc8 24. Rd6 f6 25. exf6 Rxf6 26. Rbd1 Rf8 27. Bh3 Qf7 28. Rd8 Qe7 29. R8d6 Qf7 30. Rd8 Qe7 1/2-1/2

[Event "12th National Amateur Chess-ch 2025"]
[Site "Bihar"]
[Date "2025.03.29"]
[Round "9.17"]
[White "Disha U A"]
[Black "Aayusree Sarkar"]
[Result "1/2-1/2"]
[Annotator "NA RC"]
[ECO "C55"]
[WhiteElo "1643"]
[BlackElo "1677"]
[PlyCount "45"]
[EventDate "2025.03.25"]
[EventCountry "IND"]
[SourceTitle "playchess.com"]
[Source "ChessBase"]
[SourceQuality "1"]
[TimeControl "5400+30"]

1. e4 e5 2. Nf3 Nc6 3. Bc4 Nf6 4. d3 Be7 5. O-O O-O 6. Re1 d6 7. Nbd2 Na5 8. c3 Nxc4 9. Nxc4 Be6 10. h3 Bxc4 11. dxc4 Nd7 12. Qc2 Qe8 13. Be3 b6 14. Rad1 Nf6 15. Nh4 Ng4 16. Nf5 Nxe3 17. Rxe3 g6 18. Ng3 Kh8 19. Ne2 Kg8 20. Ng3 Kh8 21. Ne2 Kg8 22. Ng3 Kh8 23. Ne2 1/2-1/2

[Event "12th National Amateur Chess-ch 2025"]
[Site "Bihar"]
[Date "2025.03.29"]
[Round "9.18"]
[White "Kashvy Sabharwal"]
[Black "Gawande Devanshi"]
[Result "1/2-1/2"]
[Annotator "NA RC"]
[ECO "A48"]
[WhiteElo "1640"]
[BlackElo "1527"]
[PlyCount "60"]
[EventDate "2025.03.25"]
[EventCountry "IND"]
[SourceTitle "playchess.com"]
[Source "ChessBase"]
[SourceQuality "1"]
[TimeControl "5400+30"]

1. d4 Nf6 2. Bf4 d6 3. Nf3 g6 4. c3 Bg7 5. Nbd2 Nbd7 6. e4 c5 7. Be2 O-O 8. O-O Nh5 9. Be3 a6 10. a4 Qc7 11. h3 e5 12. d5 Nf4 13. Re1 Nxe2+ 14. Qxe2 Nf6 15. a5 Nh5 16. Nc4 Qe7 17. Rec1 f5 18. exf5 Rxf5 19. Qd2 Nf4 20. Bxf4 Rxf4 21. Nb6 Rb8 22. Re1 Rh4 23. Qe3 Bd7 24. Nd2 Rf8 25. Ne4 Rhf4 26. Nc4 Bh6 27. Ncxd6 Rxe4 28. Qxe4 Qxd6 29. Qxe5 Bf4 30. Qe4 Bh2+ 1/2-1/2